 Dungeon Crawl Stone Soup version 0.29.1-2-gbd0b4ee654 (webtiles) character file.

Game seed: 12434351091162819618

70 RascalDebosk the Magician (level 4, -9/33 HPs)
             Began as a Djinni Venom Mage on Oct 23, 2022.
             Killed from afar by an orc wizard (12 damage)
             ... with a magic dart
             ... on level 3 of the Dungeon.
             The game lasted 00:15:38 (2972 turns).

RascalDebosk the Magician (Djinni Venom Mage)       Turns: 2972, Time: 00:15:38

Health: -9/33      AC:  3    Str:  7    XL:     4   Next: 44%
Gold:   79         EV: 12    Int: 19    God:
                   SH:  0    Dex: 13

rFire   + + .      SeeInvis .   s - +0 dagger
rCold   x . .      Faith    .   (no shield)
rNeg    . . .      Spirit   .   a - +0 robe
rPois   ∞          Reflect  .   (no helmet)
rElec   .          Harm     .   (no cloak)
rCorr   .          Rampage  .   b - +0 pair of gloves
Will    .....                   (boots unavailable)
Stlth   +.........              (no amulet)
HPRegen 0.11/turn               (no ring)
MPRegen 0.00/turn               (no ring)

@: confused, flying
A: sickness immunity, fire resistance 2, cold vulnerability 1, float, innate
caster, HP casting, extra vitality 1
a: no special abilities


You were on level 3 of the Dungeon.
You visited 1 branch of the dungeon, and saw 3 of its levels.

You collected 79 gold pieces.

Inventory:

Hand Weapons
 s - a +0 dagger (weapon)
Armour
 a - a +0 robe (worn)
 b - a +0 pair of gloves (worn)
Scrolls
 d - 2 scrolls of teleportation {unknown}
 f - 2 scrolls of identify {unknown}
 g - a scroll of fear {unknown}
 h - a scroll of enchant armour {unknown}
 i - a scroll of acquirement {unknown}
Potions
 c - a potion of curing {unknown}
 e - 2 potions of magic {unknown}
 j - a potion of invisibility {unknown}
 k - a potion of lignification {unknown}
 l - a potion of degeneration {unknown}


   Skills:
 + Level 1.6 Fighting
 - Level 2.8 Dodging
 - Level 1.5 Stealth
 * Level 3.3 Spellcasting


You couldn't memorise any spells.
You knew the following spells:

 Your Spells              Type           Power      Damage    Failure   Level
a - Sting                 Tmut/Pois      60%        1d6       3%          1
b - Poisonous Vapours     Pois/Air       30%        N/A       6%          2
c - Mephitic Cloud        Conj/Pois/Air  15%        N/A       12%         3
d - Olgreb's Toxic Radia  Pois           15%        N/A       36%         4
e - Beastly Appendage     Tmut           30%        N/A       3%          1
Your spell library was empty.

Dungeon Overview and Level Annotations

Branches:
Dungeon (3/15)

Altars:


Innate Abilities, Weirdness & Mutations

You are immune to sickness and miasma.
You are immune to poison.
Your flesh is very heat resistant. (rF++)
You are vulnerable to cold. (rC-)
You float through the air rather than walking.
You learn spells naturally, not from books.
Your magical power is your life essence.
You have superior vitality. (+4 MHP)


Message History

The stinking cloud engulfs something but does no damage.
The stinking cloud engulfs the orc but does no damage. x2
The orc is engulfed in noxious fumes.
The orc appears confused.
The orc closely misses something.
The orc hits itself with a +0 club.
The orc is engulfed in noxious fumes.
The orc appears confused.
The orc barely misses something.
Something hits you.
The orc is engulfed in noxious fumes.
The orc appears confused.
Things that are here:
a +0 short sword; an orc corpse
Found a whip and a dagger.
The orc is engulfed in noxious fumes.
The orc appears confused.
The orc is engulfed in noxious fumes.
The orc hits the orc with a +0 short sword.
The orc is engulfed in noxious fumes.
The orc appears confused.
The orc is engulfed in noxious fumes.
The orc appears confused.
You catch the helpless orc completely off-guard!
You puncture the orc!
You kill the orc!
Something hits you.
You hit something but do no damage.
Casting: Mephitic Cloud (quite dangerous; 12% risk of failure)
Confirm with . or Enter, or press ? or * to list all spells.
The spell is quite dangerous to miscast (12% risk of failure)!
Continue anyway?
Aiming: Mephitic Cloud (quite dangerous; 12% risk of failure)
Press: ? - help, Shift-Dir - straight line The ball explodes into a vile cloud!
The stinking cloud engulfs something but does no damage.
The stinking cloud engulfs you but does no damage.
Casting: Mephitic Cloud (quite dangerous; 12% risk of failure)
Confirm with . or Enter, or press ? or * to list all spells.
You grow a pair of large bovine horns.
* * * LOW HITPOINT WARNING * * *
The orc hits you but does no damage.
The orc hits itself with a +0 short sword.
You hit the orc but do no damage.
The orc is moderately wounded.
You barely miss the orc.
The orc is moderately wounded.
Aiming: Sting (safe; 3% risk of failure)
Press: ? - help, Q - select action, (/) - cycle Shift-Dir - straight line, f - orc
Aim: an orc, wielding a +0 short sword and wearing a +0 ring mail (moderately wounded, confused, 94% to hit)
The sting hits the orc.
The orc is poisoned.
The orc is heavily wounded.
* * * LOW HITPOINT WARNING * * *
Aiming: Sting (safe; 3% risk of failure)
Press: ? - help, Q - select action, (/) - cycle Shift-Dir - straight line, f/p - orc
Aim: an orc, wielding a +0 short sword and wearing a +0 ring mail (severely wounded, confused, poisoned, 94% to hit)
The sting hits the orc.
The orc looks even sicker.
You kill the orc!
* * * LOW HITPOINT WARNING * * *
Your transformation is almost over.
Something hits you.
* * * LOW HITPOINT WARNING * * *
You barely miss something. Your headbutt misses something.
You barely miss something. You headbutt something.
Things that are here:
a +0 short sword; an orc corpse Something hits you but does no damage.
You hit something but do no damage.
Your horns disappear.
Aiming: Sting (safe; 3% risk of failure)
Press: ? - help, Q - select action, (/) - cycle Shift-Dir - straight line The sting hits something but does no damage.
* * * LOW HITPOINT WARNING * * *
Aiming: Sting (safe; 3% risk of failure)
Press: ? - help, Q - select action, (/) - cycle Shift-Dir - straight line The sting hits something but does no damage.
* * * LOW HITPOINT WARNING * * *
Unknown command.
Aiming: Sting (safe; 3% risk of failure)
Press: ? - help, Q - select action, (/) - cycle Shift-Dir - straight line
* * * LOW HITPOINT WARNING * * *
Casting: Sting (safe; 3% risk of failure)
Confirm with . or Enter, or press ? or * to list all spells.
You can't see any susceptible monsters within range! (Use Z to cast anyway.)
You miss something. Something hits you.
* * * LOW HITPOINT WARNING * * *
Casting: Sting (safe; 3% risk of failure)
Confirm with . or Enter, or press ? or * to list all spells.
Aiming: Poisonous Vapours (safe; 6% risk of failure)
Press: ? - help, Dir - move target Poisonous vapours surround something!
* * * LOW HITPOINT WARNING * * *
You hear some strange, mumbled words.
You are confused.
You closely miss something. Something barely misses you.
You miss something. Something hits you.
* * * LOW HITPOINT WARNING * * *
You barely miss something. Something hits you.
* * * LOW HITPOINT WARNING * * *
You bump into the rock wall.
Something hits you.
* * * LOW HITPOINT WARNING * * *
You hear some strange, mumbled words.
A magic dart appears from out of thin air!
The magic dart hits you!
You die...

#.)..) ....# #.....
....# #.....#....###
#............
#......... .
#..)...#P#.#
#.....)#.#.###
#..#.#.[ #.@{#.#####.
... ##...#.....#
...###
##...#####.......# ..
##.........#.##.# ...
###.#######)##.#
...######.## #.##.#
...........# ###.##..
...........# #......)
...........####...###.


There were no monsters in sight!

Vanquished Creatures
  2 adders
  3 dart slugs
  3 orcs (D:3)
  2 endoplasms
  2 giant cockroaches
  3 hobgoblins
  9 jackals (D:2)
  5 kobolds
  3 bats (D:2)
  4 goblins
  2 rats (D:1)
38 creatures vanquished.

Vanquished Creatures (others)
  3 fungi (D:3)
  2 plants (D:3)
5 creatures vanquished.

Grand Total: 43 creatures vanquished

Notes
Turn   | Place    | Note
-------+----------+-------------------------------------------
     0 | D:1      | RascalDebosk the Djinni Venom Mage began the quest for the
                  | Orb.
     0 | D:1      | RascalDebosk set off with the following spells memorised:
                  | Sting, Poisonous Vapours, Mephitic Cloud, Olgreb's Toxic
                  | Radiance.
     0 | D:1      | Reached XP level 1. HP: 15/15 MP: 0/0
   293 | D:1      | Reached XP level 2. HP: 20/22 MP: 0/0
   470 | D:1      | You are sucked into a shaft and drop 1 floor!
   912 | D:2      | Reached skill level 1 in Fighting
   912 | D:2      | Reached XP level 3. HP: 12/27 MP: 0/0
   912 | D:2      | Learned a level 1 spell: Beastly Appendage
  1432 | D:2      | Reached skill level 3 in Spellcasting
  2237 | D:3      | Reached XP level 4. HP: 4/32 MP: 0/0
  2972 | D:3      | Killed from afar by an orc wizard

Illustrated notes

Levels and vault maps discovered:
D:1:      dpeg_arrival_round_b, layout_loops_ring, serial_bayou_crossing
D:2:      layout_loops_ring
D:3:      layout_basic, nicolae_sif_muna_little_library,
          shapermc_ecumenical_altar_rom_forum

Skill      XL: |  1  2  3 |
---------------+----------+-----
Fighting       | 1 |  1.6
Spellcasting   | 3 |  3.3
Dodging        | |  2.8
Stealth        | |  1.5

Action                   |  1- 3 |  4- 6 || total
-------------------------+-------+-------++-------
Melee: Dagger            |    10 |    18 ||    28
       Headbutt          |       |     1 ||     1
 Cast: Sting             |    46 |     7 ||    53
       Poisonous Vapours |    22 |     8 ||    30
       Mephitic Cloud    |     2 |     4 ||     6
       Beastly Appendage |       |     1 ||     1
 Stab: Sleeping          |     1 |       ||     1
       Confused          |       |     1 ||     1
Armor: Robe              |    10 |     4 ||    14
Dodge: Dodged            |    20 |     5 ||    25
